 Dungeon Crawl Stone Soup version 0.23-a0-448-g1c01f63 (webtiles) character file.

1078 Lavandula the Cleaver (level 8, 0/67 HPs)
             Began as a Naga Air Elementalist on Nov 20, 2018.
             Was a Believer of Ru.
             Succumbed to a killer bee's poison
             ... on level 7 of the Dungeon.
             The game lasted 00:21:13 (2231 turns).

Lavandula the Cleaver (Naga Air Elementalist)       Turns: 2231, Time: 00:21:13

Health: 0/67       AC:  6    Str: 12    XL:     8   Next: 29%
Magic:  4/12       EV: 10    Int: 22    God:    Ru [**....]
Gold:   39         SH:  4    Dex: 13    Spells: 2/12 levels left

rFire    x . .     SeeInvis +   f - +1 hand axe (elec)
rCold    x . .     Gourm    .   (no shield)
rNeg     . . .     Faith    .   a - +0 robe
rPois    +         Spirit   .   (no helmet)
rElec    .         Reflect  .   o - +0 cloak
rCorr    .         Harm     .   z - +1 pair of gloves
MR       +....     Rnd*Rage +   (no barding)
Stlth    ++........             (no amulet)
HPRegen  0.21/turn              r - +2 ring of dexterity
MPRegen  0.13/turn              (no ring)

@: brilliant, lethally poisoned (0 -> -15), flying, very slightly contaminated,
very slow
A: large, large bone plates 1, see invisible, berserk 2, deformed body, high mp
1, poison resistance, slowness 2, slow metabolism 1, spit poison 1, temperature
sensitive, AC +2
a: Spit Poison, Renounce Religion


You were on level 7 of the Dungeon.
You worshipped Ru.
Ru was pleased with you.
You were very hungry.

You visited 2 branches of the dungeon, and saw 9 of its levels.

You collected 271 gold pieces.
You spent 232 gold pieces at shops.

Inventory:

Hand Weapons
 f - a +1 hand axe of electrocution (weapon)
 h - a +2 quarterstaff of chaos
 m - a +0 blowgun
 u - a +0 war axe
 v - a +0 spear
Armour
 a - a +0 robe (worn)
 g - a +1 plate armour of magic resistance
 o - a +0 cloak (worn)
 q - a +0 ring mail
 z - a +1 pair of gloves (worn)
Magical Staves
 d - an uncursed staff of wizardry
Jewellery
 r - a +2 ring of dexterity (left hand)
Scrolls
 b - 5 scrolls of remove curse
 e - a scroll of noise
 i - a scroll of magic mapping
 j - 2 scrolls of immolation {unknown}
 l - a scroll of teleportation
 t - a scroll of random uselessness {unknown}
 y - 2 scrolls of fog
Potions
 k - a potion of brilliance
 n - a potion of might {unknown}
 p - 3 potions of lignification
 s - a potion of mutation
 x - 2 potions of agility
Comestibles
 c - 10 rations


   Skills:
 - Level 2.0 Fighting
 + Level 8.0 Axes
 - Level 1.5 Dodging
 - Level 3.0 Stealth
 - Level 2.5 Spellcasting
 - Level 1.0 Conjurations
 - Level 4.9 Air Magic


You had 2 spell levels left.
You knew the following spells:

 Your Spells              Type           Power        Failure   Level  Hunger
a - Shock                 Conj/Air       ####         1%          1    None
b - Static Discharge      Conj/Air       ####....     1%          3    ###....
c - Swiftness             Chrm/Air       ####....     1%          2    ##.....
d - Airstrike             Air            #####.....   2%          4    ####...

Your spell library contained the following spells:

 Spells                   Type           Power        Failure   Level  Hunger
 Lightning Bolt           Conj/Air       ####......   12%         5    ######.


Dungeon Overview and Level Annotations

Branches:
Dungeon (8/15)             Temple (1/1) D:5
   Lair: D:8-11

Altars:
Ashenzari
Kikubaaqudgha
Makhleb
Okawaru
Qazlal
Ru
Sif Muna
Vehumet
Wu Jian
Yredelemnul
Zin

Shops:
D:5 [


Innate Abilities, Weirdness & Mutations

You cannot wear boots.
Your serpentine skin is tough. (AC +2)
You have supernaturally acute eyesight. (SInv)
Armour fits poorly on your strangely shaped body.
Your system is resistant to poisons. (rPois)
You cover ground very slowly.
You have a slow metabolism.
You can spit poison.
You are sensitive to extremes of temperature. (rF-, rC-)
You are partially covered in large bone plates. (SH +4)
You often lose your temper in combat.
You have an increased reservoir of magic. (+10% MP)


Message History

* * * LOW HITPOINT WARNING * * *
You are poisoned.
The killer bee poisons you! The killer bee barely misses you.
The killer bee stings you but does no damage.
The killer bee stings you.
* * * LOW HITPOINT WARNING * * *
It was a potion of brilliance.
You feel clever all of a sudden.
You feel sick. The killer bee stings you.
* * * LOW HITPOINT WARNING * * *
You are lethally poisoned!
The killer bee poisons you!
You focus your will and illuminate the killer bee in retribution!
The killer bee barely misses you. x2; The killer bee stings you.
* * * LOW HITPOINT WARNING * * *
Okay, then.
It was a potion of flight.
You feel very buoyant.
You fly up into the air.
You die...

###### #....#
#....# #..yy#
+.§§@# #.§§§#
####.# #.# #.# #.#
#.#
#.#########+####.
#................#


You could see 2 killer bees.

Vanquished Creatures
  A phantom (D:5)
  3 bullfrogs (D:6)
  2 scorpions (D:5)
  3 killer bees
  2 crimson imps
  5 orc wizards
  2 orc priests
  Crazy Yiuf (D:3)
  A hound (D:6)
  An iguana (D:4)
  A worker ant (D:3)
  5 adders
  4 gnolls
  A shadow imp (D:6)
  2 oozes (D:3)
  A worm (D:2)
  A dart slug (D:4)
  A leopard gecko (D:3)
  27 orcs
  3 giant cockroaches
  4 goblins
  3 hobgoblins (D:3)
  A kobold (D:3)
  A quokka (D:6)
  A ball python (D:3)
  4 bats
  2 frilled lizards
  7 rats
  A fungus (D:3)
91 creatures vanquished.

Vanquished Creatures (others)
  2 adder skeletons (D:4)
2 creatures vanquished.

Grand Total: 93 creatures vanquished

Notes
Turn   | Place    | Note
-------+----------+-------------------------------------------
     0 | D:1      | Lavandula the Naga Air Elementalist began the quest for the
                  | Orb.
     0 | D:1      | Reached XP level 1. HP: 15/15 MP: 3/3
   106 | D:2      | yes
   182 | D:2      | Reached XP level 2. HP: 11/22 MP: 0/5
   436 | D:3      | Reached XP level 3. HP: 13/28 MP: 0/6
   599 | D:3      | Found a runed door.
   603 | D:3      | Noticed Crazy Yiuf
   608 | D:3      | Killed Crazy Yiuf
   608 | D:3      | Reached XP level 4. HP: 32/36 MP: 2/7
   621 | D:3      | Learned a level 3 spell: Static Discharge
   842 | D:3      | Learned a level 2 spell: Swiftness
   866 | D:3      | Reached XP level 5. HP: 17/45 MP: 2/8
   971 | D:3      | Reached skill level 1 in Axes
  1089 | D:3      | Reached skill level 2 in Axes
  1213 | D:4      | Noticed a phantom
  1222 | D:5      | Entered Level 5 of the Dungeon
  1229 | D:5      | Found Ruattil's Antique Armour Boutique.
  1286 | D:6      | Noticed a two-headed ogre
  1297 | D:5      | Reached skill level 3 in Axes
  1297 | D:5      | Reached XP level 6. HP: 27/52 MP: 1/9
  1403 | D:5      | Found a staircase to the Ecumenical Temple.
  1416 | Temple   | Entered the Ecumenical Temple
  1433 | Temple   | Became a worshipper of Ru the Awakened
  1451 | D:5      | Noticed a phantom
  1469 | D:5      | Killed a phantom
  1469 | D:5      | Reached skill level 4 in Axes
  1537 | D:4      | Reached XP level 7. HP: 59/60 MP: 8/10
  1591 | D:4      | Reached skill level 5 in Axes
  1754 | D:5      | Reached skill level 6 in Axes
  1820 | D:5      | Bought a pair of embroidered gloves for 232 gold pieces
  1867 | D:6      | Found a burning altar of Makhleb.
  1874 | D:6      | Found a glowing silver altar of Zin.
  1874 | D:6      | Noticed an angel
  1874 | D:6      | Noticed a cacodemon
  1943 | D:6      | Reached skill level 7 in Axes
  1950 | D:6      | Reached XP level 8. HP: 34/67 MP: 2/11
  1953 | D:6      | Gained mutation: You are sensitive to extremes of
                  | temperature. (rF-, rC-) [Ru sacrifice]
  1953 | D:6      | Reached * piety under Ru
  1953 | D:6      | Reached ** piety under Ru
  2074 | D:6      | Learned a level 4 spell: Airstrike
  2209 | D:7      | Gained mutation: You are partially covered in large bone
                  | plates. (SH +4) [potion of mutation]
  2209 | D:7      | Gained mutation: You tend to lose your temper in combat.
                  | [potion of mutation]
  2209 | D:7      | Gained mutation: You often lose your temper in combat.
                  | [potion of mutation]
  2209 | D:7      | Gained mutation: You have an increased reservoir of magic.
                  | (+10% MP) [potion of mutation]
  2228 | D:7      | Reached skill level 8 in Axes
  2230 | D:7      | HP: 2/67 [killer bee (6)]
  2231 | D:7      | Succumbed to a killer bee's poison

Vault maps used:
D:1:      minmay_arrival_up_and_down, grunt_decor_mini_mirrors
D:2:      first_ration
D:3:      portal_sewer_entry_e, grunt_decor_cap, kennysheep_generic_room_9,
          uniq_crazy_yiuf_cottage
D:4:      lemuel_flame_loot_1
D:5:      minmay_temple_entry_mini_moons, serial_shops, shop
D:6:      grunt_temple_overflow_order_and_chaos_2, basic_altar
D:7:      serial_shops, shop
D:8:      kennysheep_blocky_hall, david_nohive_1, lemuel_angel_altar,
          uniq_harold
Temple:   regret_index_temple_chain_breaker

Skill      XL: |  1  2  3  4  5  6  7  8 |
---------------+-------------------------+-----
Air Magic      | 4 |  4.9
Fighting       | 2 |  2.0
Axes           | 3 4 7 8 |  8.0
Dodging        | |  1.5
Stealth        | |  3.0
Spellcasting   | |  2.5
Conjurations   | |  1.0

Action                   |  1- 3 |  4- 6 |  7- 9 || total
-------------------------+-------+-------+-------++-------
Melee: Unarmed           |     7 |       |       ||     7
       Staff             |    35 |       |       ||    35
       Quarterstaff      |       |    24 |       ||    24
       Hand axe          |       |    29 |    66 ||    95
 Cast: Shock             |    29 |    57 |    32 ||   118
       Static Discharge  |       |     3 |     7 ||    10
Invok: Sacrifice Resista |       |       |     1 ||     1
 Abil: Spit Poison       |    12 |    11 |    11 ||    34
  Use: Potion            |     2 |     3 |     3 ||     8
       Scroll            |     4 |     3 |     3 ||    10
 Stab: Confused          |       |     1 |       ||     1
       Sleeping          |       |     1 |     2 ||     3
  Eat: Chunk             |       |     3 |     4 ||     7
Armor: Robe              |     3 |    11 |    27 ||    41
       Skin              |     5 |     3 |       ||     8
Dodge: Dodged            |    21 |    42 |    53 ||   116
Block: Other             |       |       |     4 ||     4

Table legend:
 A = Non-vault XP
 B = Vault XP
 C = Vault XP percentage of total XP
 D = Non-vault monster count
 E = Vault monster count
 F = Vault count percentage of total count
                 A         B        C        D         E       F
            +---------+---------+-------+---------+---------+-------
      Total |    1488 |      53 |   3.4 |      83 |       7 |   7.8
            +---------+---------+-------+---------+---------+-------
        D:1 |       4 |       0 |   0.0 |       3 |       0 |   0.0
        D:2 |      11 |       0 |   0.0 |       6 |       0 |   0.0
        D:3 |     232 |      53 |  18.6 |      34 |       7 |  17.1
        D:4 |     244 |       0 |   0.0 |      17 |       0 |   0.0
        D:5 |     417 |       0 |   0.0 |      11 |       0 |   0.0
        D:6 |     397 |       0 |   0.0 |       9 |       0 |   0.0
        D:7 |      61 |       0 |   0.0 |       1 |       0 |   0.0
        D:8 |     122 |       0 |   0.0 |       2 |       0 |   0.0
            +---------+---------+-------+---------+---------+-------
